 Dungeon Crawl Stone Soup version 0.31-a0-691-g409c26aa35 (webtiles) character file.

Game seed: 17731879387545196094

11300 randomguy2701 the Severer (level 11, -15/90 HPs)
             Began as a Hill Orc Fighter on Sept 6, 2023.
             Was a Believer of Beogh.
             Collided with a rock wall (17 damage)
             ... caused by Erica
             ... on level 1 of the Lair of Beasts.
             The game lasted 00:23:37 (13401 turns).

randomguy2701 the Severer (Hill Orc Fighter)       Turns: 13401, Time: 00:23:40

Health: -15/90     AC: 19    Str: 28    XL:     11   Next: 75%
Magic:  11/11      EV:  8    Int:  8    God:    Beogh [**....]
Gold:   130        SH:  5    Dex: 12    Spells: 10/10 levels left

rFire   . . .        A - +0 war axe (heavy)
rCold   . . .        c - +0 buckler
rNeg    . . .        m - +0 plate armour
rPois   .            n - +0 helmet
rElec   .            (no cloak)
rCorr   +            o - +0 pair of gloves
SInv    .            p - +0 pair of boots
Will    .....        (no amulet) Stlth
                     H - +6 ring of strength
HPRegen 0.35/turn    d - ring of resist corrosion
MPRegen 0.12/turn

%: no passive effects
@: lethally poisoned (-15 -> -24)
A: frail 1
a: Renounce Religion, Smiting


You were on level 1 of the Lair of Beasts.
You worshipped Beogh.
Beogh was pleased with you.
You visited 2 branches of the dungeon, and saw 11 of its levels.

You collected 634 gold pieces.
You spent 504 gold pieces at shops.

Inventory:

Hand Weapons
 a - a +0 war axe
 A - a +0 heavy war axe (weapon)
 D - a +0 orcbow
Armour
 c - a +0 buckler (worn)
 m - a +0 plate armour (worn)
 n - a +0 helmet (worn)
 o - a +0 pair of gloves (worn)
 p - a +0 pair of boots (worn)
Jewellery
 d - a ring of resist corrosion (right hand)
 f - a ring of magical power
 H - a +6 ring of strength (left hand)
 I - a ring of positive energy
Wands
 y - a wand of polymorph (2)
 G - a wand of paralysis (3)
Scrolls
 b - 8 scrolls of teleportation {unknown}
 g - 4 scrolls of identify {unknown}
 h - 4 scrolls of poison {unknown}
 i - 2 scrolls of fog {unknown}
 s - 3 scrolls of amnesia {unknown}
 v - 2 scrolls of silence {unknown}
 w - a scroll of acquirement {unknown}
 C - 4 scrolls of noise {unknown}
 E - a scroll of blinking {unknown}
 F - a scroll of enchant armour {unknown}
Potions
 e - 2 potions of cancellation
 j - 2 potions of haste {unknown}
 k - 2 potions of enlightenment {unknown}
 l - a potion of lignification {unknown}
 q - 2 potions of attraction {unknown}
 r - 2 potions of degeneration {unknown}
 t - a potion of berserk rage {unknown}
 u - 2 potions of heal wounds {unknown}
 x - a potion of invisibility {unknown}
 z - 3 potions of mutation {unknown}
 B - a potion of curing


   Skills:
 + Level 10.2 Fighting
 + Level 15.1 Axes
 + Level 11.3 Armour
 + Level 1.1 Dodging
 + Level 1.1 Stealth
 + Level 7.3 Shields


You had 10 spell levels left.
You didn't know any spells.
Your spell library contained the following spells:

 Spells                   Type           Power      Damage    Failure   Level
 Kiss of Death            Conj/Necr      0%         2d5       98%         1
 Lesser Beckoning         Tloc           0%         N/A       99%         2
 Sublimation of Blood     Necr           0%         N/A       99%         2
 Wereblood                Tmut           0%         N/A       99%         2
 Gell's Gravitas          Tloc           0%         N/A       100%        3
 Teleport Other           Tloc           0%         N/A       100%        3
 Summon Forest            Summ/Tloc      0%         N/A       100%        5
 Summon Mana Viper        Hex/Summ       0%         N/A       100%        5
 Dispersal                Tloc           0%         N/A       100%        6
 Summon Cactus Giant      Summ           0%         N/A       100%        6
 Summon Hydra             Summ           0%         N/A       100%        7


Dungeon Overview and Level Annotations

Branches:
Dungeon (10/15)            Temple (0/1) D:7            Lair (1/5) D:9
    Orc: D:9-12

Altars:
Ashenzari
Cheibriados
Kikubaaqudgha
Qazlal
Sif Muna
Trog
Vehumet
Wu Jian

Shops:
D:6 :([*   D:9 ==

Annotations:
D:6 3 runed translucent doors, justen's ghost, novice TeBe
D:10 Amaemon
Lair:1 Erica


Innate Abilities, Weirdness & Mutations

You are frail. (-10% HP)


Message History

You closely miss the water moccasin.
The water moccasin bites you but does no damage.
You completely miss the water moccasin.
The water moccasin bites you but does no damage.
The water moccasin bites you.
You are poisoned.
The water moccasin poisons you!
You barely miss the water moccasin.
You feel very sick. The water moccasin barely misses you.
You hear some strange, mumbled words.
A bolt of poison appears from out of thin air!
The bolt of poison hits you!
You are more poisoned.
* * * LOW HITPOINT WARNING * * *
You feel better.
The water moccasin bites you but does no damage.
You block the water moccasin's attack.
Aiming: Polymorph
Press: ? - help, Q - select action, (/) - cycle Shift-Dir - straight line Nothing appears to happen.
The water moccasin bites you but does no damage.
Something hits you but does no damage.
You closely miss the water moccasin. You hit something.
The water moccasin bites you!
* * * LOW HITPOINT WARNING * * *
Something hits you but does no damage.
You closely miss the water moccasin. You slash something!
The water moccasin bites you but does no damage.
The water moccasin bites you.
* * * LOW HITPOINT WARNING * * *
You are poisoned.
The water moccasin poisons you!
You hear some strange, mumbled words.
A lance of force appears from out of thin air!
The lance of force hits you!
* * * LOW HITPOINT WARNING * * *
You are knocked back by the lance of force.
You slam into the rock wall!
You die...

# ...... #..# # #
...... #..# # #
##......# #........
#......# ##
#......#
#P##......###
..........#@#####
...................
........S..........
###....{##.#.#.P..
#...#...###### ##>
# #...#...#
#.#...+...## ##
......#....#
....... ..
..PP......##
##.....# #


You could see a water moccasin.

Vanquished Creatures
  A two-headed ogre (D:9)
  Pikel (D:7)
  Joseph (D:6)
  A cane toad (Lair:1)
  Jeremiah (D:7)
  2 kobold demonologists
  A rime drake (Lair:1)
  A komodo dragon (D:9)
  A hornet (D:7)
  Grinder (D:2)
  2 shadows
  A vampire (D:9)
  17 yaks
  A wraith (D:7)
  A wyvern (Lair:1)
  Grum (D:10)
  2 vampire mosquitoes (D:10)
  An acid dragon (D:9)
  2 water moccasins
  A sky beast (D:7)
  An ice beast (D:6)
  A wolf (D:10)
  2 ogres (D:5)
  3 orc warriors (D:8)
  3 centaurs
  4 lemures
  A phantom (D:5)
  2 kobold brigands
  2 bullfrogs
  2 gnoll sergeants
  A scorpion (D:6)
  12 wights
  12 killer bees
  10 electric eels
  5 howler monkeys
  A jelly (D:6)
  4 orc priests
  3 hounds
  A sleepcap (D:4)
  Jessica (D:3)
  4 iguanas
  Terence (D:3)
  5 orc wizards
  8 gnolls
  7 adders
  5 white imps
  An ufetubus (D:6)
  7 dart slugs
  23 orcs
  7 ball pythons
  7 endoplasms
  7 giant cockroaches
  6 goblins
  6 hobgoblins
  6 jackals
  7 quokkas
  4 bats
  4 frilled lizards
  16 kobolds
  5 rats
247 creatures vanquished.

Notes
Turn   | Place    | Note
-------+----------+-------------------------------------------
     0 | D:1      | randomguy2701 the Hill Orc Fighter began the quest for the
                  | Orb.
     0 | D:1      | Reached XP level 1. HP: 19/19 MP: 1/1
   156 | D:1      | Reached XP level 2. HP: 21/27 MP: 2/2
   203 | D:1      | Reached skill level 3 in Axes
   495 | D:1      | Reached XP level 3. HP: 31/33 MP: 3/3
   728 | D:2      | Found a snail-covered altar of Cheibriados.
   848 | D:2      | You fall into a shaft and drop 2 floors!
   881 | D:4      | Reached skill level 4 in Axes
   881 | D:4      | Reached XP level 4. HP: 34/40 MP: 4/4
   937 | D:3      | Noticed Grinder
   938 | D:3      | Paralysed by Grinder for 2 turns
  1426 | D:2      | Found a faded altar of an unknown god.
  1700 | D:3      | Paralysed by Grinder for 2 turns
  1850 | D:2      | Paralysed by Grinder for 3 turns
  1872 | D:2      | Paralysed by Grinder for 4 turns
  2009 | D:3      | Noticed Jessica
  2014 | D:3      | Killed Jessica
  2015 | D:3      | Reached XP level 5. HP: 35/46 MP: 5/5
  2168 | D:3      | Noticed Terence
  2169 | D:3      | Found a bloodstained altar of Trog.
  2181 | D:3      | Killed Terence
  2182 | D:3      | Reached skill level 5 in Axes
  2266 | D:3      | Found a shimmering blue altar of Sif Muna.
  2270 | D:3      | Got Sif Muna's Notes on Forces
  2427 | D:3      | Found an ancient bone altar of Kikubaaqudgha.
  2689 | D:4      | Reached XP level 6. HP: 50/53 MP: 6/6
  3177 | D:5      | Entered Level 5 of the Dungeon
  3280 | D:5      | Reached skill level 6 in Axes
  3499 | D:5      | Reached skill level 5 in Armour
  3499 | D:5      | Reached XP level 7. HP: 33/60 MP: 7/7
  3851 | D:5      | Reached skill level 5 in Fighting
  3851 | D:5      | Reached skill level 7 in Axes
  4546 | D:6      | Noticed justen's ghost (novice TeBe)
  4551 | D:6      | Found a runed translucent gate.
  4552 | D:6      | Found a runed translucent gate.
  4553 | D:6      | Found a runed translucent gate.
  4593 | D:6      | Noticed a shadow
  4611 | D:6      | Killed a shadow
  4612 | D:6      | Reached skill level 8 in Axes
  4612 | D:6      | Reached XP level 8. HP: 51/69 MP: 8/8
  4670 | D:6      | Found Nocac's Assorted Antiques.
  4670 | D:6      | Found Selallem's Weapon Shop.
  4901 | D:6      | Found Muqoam's Antique Armour Boutique.
  5078 | D:6      | Noticed a yak
  5102 | D:6      | Killed a yak
  5337 | D:6      | HP: 2/70 [electric eel/bolt of electricity (5)]
  5643 | D:2      | Killed Grinder
  5644 | D:2      | Reached skill level 9 in Axes
  5644 | D:2      | Reached skill level 1 in Stealth
  5972 | D:7      | Noticed Jeremiah
  5993 | D:7      | Killed Jeremiah
  5994 | D:7      | Reached skill level 10 in Axes
  5994 | D:7      | Reached skill level 1 in Dodging
  5994 | D:7      | Reached XP level 9. HP: 42/78 MP: 9/9
  6171 | D:7      | Noticed a hornet
  6191 | D:7      | Killed a hornet
  6192 | D:7      | Reached skill level 5 in Shields
  6261 | D:6      | HP: 3/71 [poisoned by a wight]
  6485 | D:6      | Reached skill level 11 in Axes
  6537 | D:6      | Found Tybuaf's Book Boutique.
  6538 | D:6      | Became a worshipper of Beogh the Brigand
  6706 | D:6      | Found an ornate altar of the Wu Jian Council.
  6949 | D:7      | Noticed Pikel
  7257 | D:7      | Noticed Joseph
  7273 | D:6      | Killed Joseph
  7675 | D:7      | Found a staircase to the Ecumenical Temple.
  7711 | D:7      | Killed Pikel
  7712 | D:7      | Reached skill level 12 in Axes
  7712 | D:7      | Reached XP level 10. HP: 78/88 MP: 10/10
  8710 | D:8      | Reached * piety under Beogh
  9121 | D:8      | Reached skill level 13 in Axes
  9263 | D:8      | Found a stormy altar of Qazlal.
  9659 | D:9      | Noticed a two-headed ogre
  9922 | D:9      | Found a radiant altar of Vehumet.
  9968 | D:9      | Found a staircase to the Lair.
  9983 | D:9      | Reached skill level 10 in Armour
 10092 | D:9      | Found Kerri Qoip's Jewellery Boutique.
 10144 | D:9      | Reached XP level 11. HP: 79/97 MP: 11/11
 10165 | D:9      | Reached skill level 14 in Axes
 10165 | D:9      | Reached ** piety under Beogh
 10417 | D:9      | Noticed a two-headed ogre
 10464 | D:9      | Killed a two-headed ogre
 10494 | D:9      | Found a broken altar of Ashenzari.
 11685 | D:9      | Found Ogo Maloh's Jewellery Boutique.
 11976 | D:9      | Bought a +6 ring of strength for 504 gold pieces
 11992 | D:10     | Entered Level 10 of the Dungeon
 12390 | D:10     | Reached skill level 10 in Fighting
 12505 | D:9      | Gained mutation: You are frail. (-10% HP) [a neqoxec]
 12509 | D:9      | Noticed a soul eater
 12701 | D:10     | Noticed Grum
 12706 | D:10     | Killed Grum
 12782 | D:10     | Noticed Amaemon
 13001 | Lair:1   | Entered Level 1 of the Lair of Beasts
 13134 | Lair:1   | Reached skill level 15 in Axes
 13292 | Lair:1   | Noticed Erica
 13401 | Lair:1   | HP: 2/90 [something/lance of force (12)]
 13401 | Lair:1   | Collided with a rock wall

Illustrated notes

Levels and vault maps discovered:
D:1:      wander_arrival_fairy_ring, layout_loops_cross, amethyst_killhole,
          minmay_worlds_worst_comb
D:2:      layout_loops_ring, basic_altar,
          dreamdust_ecumenical_altar_hidden_monk_grotto
D:3:      layout_rooms, kiku_gazebo_garden_becter,
          nzn_overflow_gifts_of_might_and_magic, nrook_campfire, uniq_jessica,
          uniq_grinder
D:4:      layout_rooms, item_on_display_a
D:5:      layout_loops_corners, skrybe_limestone_x, kennysheep_nub
D:6:      kennysheep_big_flooded_room, layout_basic,
          pdpol_wu_jian_five_deadly_venoms, serial_shops, nicolae_stop_n_shop_2,
          shop, shop, nicolae_shop_pleasant_corner_grove, gammafunk_ghost_split,
          eino_tiny_chamber
D:7:      layout_cave_pools, minmay_temple_entry_tees, serial_bayou,
          serial_bayou_pond_a, serial_bayou_pond_c, serial_bayou_crossing,
          serial_bayou_shore_a, uniq_joseph, uniq_jeremiah, uniq_pikel
D:8:      layout_gridville, nicolae_qazlal_style_of_elements
D:9:      layout_roguey, mainiacjoe_overflow_swirl, david_lair_shrubbed,
          serial_shops, nicolae_shop_stone, nicolae_inconvenience_store
D:10:     layout_big_octagon, mainiacjoe_overflow_paths, erik_orc_1,
          due_unseen_surprise, uniq_amaemon, uniq_grum
Lair:1:   layout_chaotic_city, grunt_megastairs_3, uniq_harold, uniq_erica

Skill      XL: |  1  2  3  4  5  6  7  8  9 10 11 |
---------------+----------------------------------+-----
Axes           | 3 4 5 6 8 10 12 13 15 | 15.1
Fighting       | 4 5 6 8 9 10 | 10.2
Armour         | 4 5 7 8 10 11 | 11.3
Shields        | 4 5 6 7 |  7.3
Stealth        | 1 |  1.1
Dodging        | 1 |  1.1

Action                     |  1- 3 |  4- 6 |  7- 9 | 10-12 || total
---------------------------+-------+-------+-------+-------++-------
  Melee: War axe           |    58 |   185 |   288 |   291 ||   822
 Invoke: Convert to Beogh  |       |       |     1 |       ||     1
  Evoke: Wand              |       |       |       |     1 ||     1
    Use: Potion            |       |       |     5 |     2 ||     7
 Armour: Scale mail        |    44 |    43 |       |       ||    87
         Plate armour      |       |   119 |   308 |   369 ||   796
  Dodge: Dodged            |    37 |    80 |    74 |   131 ||   322
  Block: Buckler           |    17 |    60 |    76 |    92 ||   245

Table legend: (Time is in decaauts)
 A = Elapsed time spent in this place.
 B = Non-inter-level travel time spent in this place.
 C = Inter-level travel time spent in this place.
 D = Time resting spent in this place.
 E = Time spent auto-exploring this place.
 F = Levels seen in this place.
 G = Mean time per level.
                   A        B        C        D        E       F      G
               +--------+--------+--------+--------+--------+-----+--------+
         Total |  13649 |  12795 |    854 |   1118 |   9345 |  11 | 1240.8 |
       Dungeon |  13247 |  12394 |    853 |   1118 |   9054 |  10 | 1324.7 |
          Lair |    402 |    402 |      0 |      0 |    291 |   1 |  402.0 |
               +--------+--------+--------+--------+--------+-----+--------+

Top non-repeatable levels by time:
     D:6: 2759 daAuts
     D:9: 2108 daAuts
     D:7: 1922 daAuts
     D:8: 1407 daAuts
     D:5: 1377 daAuts
     D:2: 1055 daAuts
     D:1: 782 daAuts
     D:4: 772 daAuts
     D:3: 749 daAuts
  Lair:1: 402 daAuts
    D:10: 311 daAuts
